 Dungeon Crawl Stone Soup version 0.30-a0-956-gcec3b41aec (webtiles) character file.

Game seed: 9280182088105648768

802 cforsyth the Fighter (level 8, -6/72 HPs)
             Began as a Formicid Fighter on Mar 29, 2023.
             Mangled by a troll (10 damage)
             ... on level 4 of the Dungeon.
             The game lasted 00:08:20 (3680 turns).

cforsyth the Fighter (Formicid Fighter)             Turns: 3680, Time: 00:08:21

Health: -6/72      AC: 11    Str: 23    XL:     8   Next: 14%
Magic:  0/8        EV:  6    Int:  8    God:
Gold:   291        SH:  5    Dex: 13    Spells: 7/7 levels left

rFire   . . .      SeeInvis +    a - +0 flail
rCold   . . .      Faith    .    c - +0 buckler
rNeg    . . .      Spirit   +    h - +0 plate armour
rPois   .          Reflect  .    (helmet unavailable)
rElec   .          Rampage  .    (no cloak)
rCorr   .                        (no gloves)
Will    .....                    (no boots) Stlth
                                 f - amulet of guardian spirit
HPRegen 0.32/turn                (no ring)
MPRegen 0.11/turn                (no ring)

@: no status effects
A: permanent stasis, dig shafts and tunnels, antennae 3, four strong arms
a: Dig, Shaft Self


You were on level 4 of the Dungeon.
You visited 1 branch of the dungeon, and saw 5 of its levels.
You also visited: Sewer.

You collected 291 gold pieces.

Inventory:

Hand Weapons
 a - a +0 flail (weapon)
Armour
 c - a +0 buckler (worn)
 h - a +0 plate armour (worn)
Jewellery
 f - an amulet of guardian spirit (around neck)
Wands
 o - a wand of flame (12)
Scrolls
 e - 2 scrolls of teleportation {unknown}
 l - a scroll of amnesia
 n - a scroll of blinking {unknown}
 p - 2 scrolls of immolation {unknown}
 r - a scroll of fear
 s - a scroll of magic mapping
 t - 3 scrolls of identify
Potions
 b - 3 potions of degeneration {unknown}
 d - a potion of mutation {unknown}
 g - 4 potions of curing
 i - 2 potions of brilliance {unknown}
 k - a potion of cancellation {unknown}
 m - 2 potions of lignification {unknown}
 q - a potion of resistance
 u - a potion of flight {unknown}


   Skills:
 - Level 9.9 Fighting
 + Level 2.3 Maces & Flails
 - Level 3.2 Armour
 - Level 4.0 Shields


You had 7 spell levels left.
You didn't know any spells.
Your spell library contained the following spells:

 Spells                   Type           Power      Damage    Failure   Level
 Summon Small Mammal      Summ           0%         N/A       100%        1
 Call Canine Familiar     Summ           0%         N/A       100%        3
 Summon Guardian Golem    Hex/Summ       0%         N/A       100%        3
 Vhi's Electric Charge    Tloc/Air       0%         N/A       100%        3
 Arcjolt                  Conj/Air       0%         1d10      100%        5
 Maxwell's Capacitive Co  Air            0%         ∞         100%        8


Dungeon Overview and Level Annotations

Branches:
Dungeon (5/15)              Sewer (visited)
 Temple: D:4-7

Altars:
Cheibriados

Annotations:
D:3 3 runed translucent doors, NinjaNoafa's ghost, amateur OpTm


Innate Abilities, Weirdness & Mutations

You cannot be hasted, slowed, berserked, paralysed or teleported.
You can dig through walls and to a lower floor.
You have a pair of large antennae on your head. (SInv)
Your four strong arms can wield two-handed weapons with a shield.


Message History

The troll claws you but does no damage. The troll claws you.
The orc hits you with a +0 flail.
There is a stone staircase leading up here.
There are monsters nearby!
There are monsters nearby!
The troll bites you. The troll barely misses you.
The troll claws you but does no damage. You block the orc's attack.
You climb upwards.
There is a stone staircase leading down here.
The troll attacks as you move away! The troll bites you.
The troll claws you but does no damage. You block the troll's attack.
The orc attacks as you move away! The orc hits you but does no damage.
The troll bites you. You block the troll's attack. The troll claws you.
The troll attacks as you move away! The troll bites you but does no damage.
The troll claws you but does no damage. The troll claws you!
You feel much better. The troll barely misses you. x2
The troll claws you but does no damage.
You closely miss the troll. The troll bites you but does no damage.
The troll claws you but does no damage. You block the troll's attack.
You closely miss the troll. The troll bites you.
The troll claws you but does no damage. The troll claws you!
The troll bites you but does no damage. The troll barely misses you. x2
You barely miss the troll. The troll bites you! You block the troll's attack.
The troll claws you but does no damage.
You hit the troll.
The troll is lightly wounded.
You block the troll's attack. The troll claws you but does no damage.
The troll closely misses you.
You closely miss the troll.
The troll is lightly wounded.
The troll bites you.
* * * LOW HITPOINT WARNING * * *
The troll claws you.
* * * LOW HITPOINT WARNING * * *
The troll claws you!
* * * LOW HITPOINT WARNING * * *
The troll bites you!
* * * LOW HITPOINT WARNING * * *
The troll claws you but does no damage. The troll claws you!
You die...

#.########.########### #.#
#...........# #.#
###########.# #.# #.# ##.##
#.# ######...#### #.#
###...........# #.#
..#.##.##.##..###### ##.#
_...#.#.......oT@..########..#
..#.##..#.##.#.###..........##
###.###.#[...#..o#########..#
#........#####.>.....# #..#
#..##.<....#...#####.# #..##
###..##..###.#.### #.###...#
...............## ####..###..#
####.###.##.###.###.###.###..#
.....# #.#...............##..#


You could see a troll and an orc.

Vanquished Creatures
  Eustachio (D:4)
  Pargi (Sewer)
  An ogre (D:4)
  A kobold brigand (D:3)
  A scorpion (D:4)
  2 hounds (D:4)
  A jelly (D:4)
  Jessica (D:2)
  An iguana (D:4)
  Ijyb (D:4)
  2 orc wizards (D:3)
  Robin (D:4)
  2 adders
  7 worms
  8 orcs
  4 endoplasms
  5 giant cockroaches
  14 goblins
  11 hobgoblins
  3 jackals (D:4)
  5 kobolds
  6 quokkas
  10 ball pythons
  8 bats
  A frilled lizard (D:1)
  8 rats
106 creatures vanquished.

Notes
Turn   | Place    | Note
-------+----------+-------------------------------------------
     0 | D:1      | cforsyth the Formicid Fighter began the quest for the Orb.
     0 | D:1      | Reached XP level 1. HP: 18/18 MP: 1/1
    37 | D:1      | Reached XP level 2. HP: 6/25 MP: 2/2
   170 | D:1      | Reached skill level 4 in Fighting
   476 | D:1      | Reached XP level 3. HP: 31/31 MP: 3/3
   661 | D:2      | Noticed Jessica
   665 | D:2      | Killed Jessica
   666 | D:2      | Reached skill level 5 in Fighting
   666 | D:2      | Reached XP level 4. HP: 39/39 MP: 4/4
  1151 | D:3      | Reached skill level 6 in Fighting
  1151 | D:3      | Reached XP level 5. HP: 24/46 MP: 3/5
  1245 | D:3      | Found a glowing drain.
  1270 | Sewer    | Entered a sewer
  1335 | Sewer    | Noticed Pargi
  1343 | Sewer    | Killed Pargi
  1344 | Sewer    | Reached skill level 7 in Fighting
  1344 | Sewer    | Reached XP level 6. HP: 41/55 MP: 3/6
  2357 | D:3      | Found a runed translucent gate.
  2357 | D:3      | Found a runed translucent gate.
  2357 | D:3      | Found a runed translucent gate.
  2361 | D:3      | Noticed NinjaNoafa's ghost (amateur OpTm)
  2467 | D:4      | Reached skill level 8 in Fighting
  2537 | D:4      | Reached XP level 7. HP: 59/62 MP: 7/7
  2574 | D:4      | Noticed Ijyb
  2663 | D:4      | Killed Ijyb
  2763 | D:4      | Noticed Robin
  2824 | D:4      | Killed Robin
  2854 | D:4      | Noticed Eustachio
  2869 | D:4      | Killed Eustachio
  2870 | D:4      | Reached skill level 9 in Fighting
  2988 | D:4      | Found a snail-covered altar of Cheibriados.
  3408 | D:4      | Reached XP level 8. HP: 22/72 MP: 2/8
  3635 | D:5      | Entered Level 5 of the Dungeon
  3641 | D:5      | Noticed a troll
  3680 | D:4      | Mangled by a troll

Illustrated notes

Levels and vault maps discovered:
D:1:      minmay_arrival_shattered_statue, layout_rooms, chequers_arboretum
D:2:      layout_rooms, uniq_jessica
D:3:      layout_loops_corners, gammafunk_ghost_necromancy,
          gup_sewer_entry_pipe, grunt_decor_one_mirror, nicolae_wormholes
D:4:      layout_loops_ring, cheibriados_altar_1,
          nicolae_kite_square_tiling_tiny, minmay_misc_feat_square,
          nicolae_concentric_dashed_squares_wild, kennysheep_generic_room_5,
          uniq_eustachio, uniq_robin, uniq_ijyb
D:5:      minmay_skewed_foursquare, layout_rooms, mainiacjoe_overflow_big_doors,
          serial_shops, nicolae_shop_waterfront,
          hangedman_abyss_or_decor_stagger, uniq_duvessa,
          uniq_crazy_yiuf_cottage

Skill      XL: |  1  2  3  4  5  6  7 |
---------------+----------------------+-----
Fighting       | 4 5 6 7 8 9 |  9.9
Maces & Flails | |  2.3
Armour         | |  3.2
Shields        | |  4.0

Action                     |  1- 3 |  4- 6 |  7- 9 || total
---------------------------+-------+-------+-------++-------
  Melee: Flail             |    45 |   185 |   128 ||   358
  Evoke: Wand              |       |     4 |       ||     4
    Use: Scroll            |       |     9 |       ||     9
         Potion            |       |     1 |     1 ||     2
 Armour: Scale mail        |     7 |       |       ||     7
         Chain mail        |    14 |    93 |       ||   107
         Plate armour      |       |    35 |   112 ||   147
  Dodge: Dodged            |    13 |    62 |    47 ||   122
  Block: Buckler           |    14 |    50 |    32 ||    96

Table legend: (Time is in decaauts)
 A = Elapsed time spent in this place.
 B = Non-inter-level travel time spent in this place.
 C = Inter-level travel time spent in this place.
 D = Time resting spent in this place.
 E = Time spent auto-exploring this place.
 F = Levels seen in this place.
 G = Mean time per level.
                   A        B        C        D        E       F      G
               +--------+--------+--------+--------+--------+-----+--------+
         Total |   3808 |   3675 |    133 |    205 |   2362 |   6 |  634.7 |
       Dungeon |   3661 |   3528 |    133 |    205 |   2316 |   5 |  732.2 |
         Sewer |    146 |    146 |      0 |      0 |     46 |   1 |  146.0 |
               +--------+--------+--------+--------+--------+-----+--------+

Top non-repeatable levels by time:
     D:3: 1429 daAuts
     D:4: 1154 daAuts
     D:1: 594 daAuts
     D:2: 467 daAuts
   Sewer: 146 daAuts
     D:5: 16 daAuts
